 Dungeon Crawl Stone Soup version 0.20-a0-1074-g6a0a8e1 (webtiles) character file.

494 Alarkh the Chopper (level 6, -8/47 HPs)
             Began as a Demonspawn Monk on Apr 29, 2017.
             Was a Believer of Okawaru.
             Mangled by Duvessa
             ... wielding a +0 short sword
              (9 damage)
             ... on level 4 of the Dungeon.
             The game lasted 00:04:29 (4447 turns).

Alarkh the Chopper (Demonspawn Monk)                Turns: 4447, Time: 00:04:30

Health: -8/47      AC:  2    Str: 11    XL:     6   Next: 92%
Magic:  6/6        EV: 12    Int: 14    God:    Okawaru [**....]
Gold:   79         SH:  4    Dex: 15    Spells: 5/5 levels left

rFire    + . .     SeeInvis .   a - +1 war axe (vamp)
rCold    . . .     Gourm    .   (no shield)
rNeg     . . .     Faith    .   b - +0 robe
rPois    .         Spirit   .   (no helmet)
rElec    .         Reflect  .   (no cloak)
rCorr    .         Harm     .   (no gloves)
MR       .....                  (no boots)
Stlth    +.........             (no amulet)
Regen    0.2/turn               v - ring of stealth
MPRegen  0.1/turn               (no ring)

@: glowing, drained
A: hooves 1, large bone plates 1, fire resistance 1, powered by death 1
a: Heroism, Renounce Religion


You were on level 4 of the Dungeon.
You worshipped Okawaru.
Okawaru was pleased with you.
You were not hungry.

You visited 1 branch of the dungeon, and saw 4 of its levels.

You collected 79 gold pieces.

Inventory:

Hand Weapons
 a - a +1 vampiric war axe (weapon)
 o - a +0 hand axe
Armour
 b - a +0 robe (worn)
Jewellery
 i - an uncursed amulet of harm
 v - a ring of stealth (left hand)
Scrolls
 e - a scroll of identify
 f - a scroll of immolation {unknown}
 h - a scroll of enchant armour
 k - a scroll of blinking {unknown}
 n - a scroll of fog {unknown}
 r - 2 scrolls of remove curse
 s - a scroll of amnesia {unknown}
 u - a scroll of noise {unknown}
 x - a scroll of enchant weapon {unknown}
Potions
 l - a potion of degeneration {unknown}
 p - a potion of cancellation
 t - a potion of curing
Miscellaneous
 q - a lightning rod (4/4)
Comestibles
 c - 4 bread rations
 d - 3 fruits
 g - 2 royal jellies
 j - a meat ration


   Skills:
 - Level 3.0(2.1) Fighting
 + Level 7.2(6.2) Axes
 - Level 2.6(1.8) Dodging
 - Level 1.7(0.9) Stealth


You had 5 spell levels left.
You didn't know any spells.

Dungeon Overview and Level Annotations

Branches:
Dungeon (4/15)
 Temple: D:4-7

Altars:
Dithmenos
Elyvilon
Hepliaklqana
Okawaru
Yredelemnul

Annotations:
D:4 Duvessa


Innate Abilities, Weirdness & Mutations

You have large cloven feet.
You are partially covered in large bone plates. (SH +4)
Your flesh is heat resistant. (rF+)
You regenerate a little health from kills.


Message History

Duvessa screams in rage.
Duvessa goes berserk!
You hit Duvessa. Duvessa barely misses you.
Duvessa hits you with a short sword!
You hit Duvessa but do no damage. You kick Duvessa, but do no damage.
Duvessa is almost dead.
Duvessa hits you with a short sword.
* * * LOW HITPOINT WARNING * * *
Duvessa closely misses you.
You closely miss Duvessa.
Duvessa is almost dead.
Duvessa hits you with a short sword.
* * * LOW HITPOINT WARNING * * *
You closely miss Duvessa.
Duvessa is almost dead.
Duvessa hits you but does no damage. Duvessa hits you with a short sword!
* * * LOW HITPOINT WARNING * * *
You closely miss Duvessa. You kick Duvessa, but do no damage.
Duvessa is almost dead.
Duvessa closely misses you. Duvessa hits you with a short sword!
You die...

########..#
#......#..# #
#....#
#.####..>##
.........##.#
#.#.........#
#.......####.#
###.###)# #.
#@# # #e# #..
.... ....#
...#.# .###.#
#. .#


You could see Duvessa (berserk).

Vanquished Creatures
  Dowan (D:4)
  An orc wizard (D:4)
  2 orc priests (D:4)
  Natasha (thrice) (D:3)
  A worker ant (D:3)
  Robin (D:4)
  3 gnolls (D:3)
  6 adders
  2 oozes (D:2)
  4 worms
  2 dart slugs
  2 leopard geckos (D:2)
  16 orcs
  12 bats
  2 giant cockroaches
  20 goblins
  14 hobgoblins
  9 jackals
  8 kobolds
  4 frilled lizards
  2 gnoll zombies (D:4)
  8 rats
123 creatures vanquished.

Notes
Turn   | Place    | Note
-------+----------+-------------------------------------------
     0 | D:1      | Alarkh the Demonspawn Monk began the quest for the Orb.
     0 | D:1      | Reached XP level 1. HP: 18/18 MP: 1/1
    22 | D:1      | Reached skill level 3 in Axes
   367 | D:1      | Gained mutation: Your flesh is heat resistant. (rF+) [demonic ancestry]
   367 | D:1      | Reached XP level 2. HP: 9/24 MP: 2/2
  1288 | D:2      | Gained mutation: You are partially covered in large bone plates. (SH +4) [demonic ancestry]
  1288 | D:2      | Reached XP level 3. HP: 29/29 MP: 3/3
  1325 | D:2      | Reached skill level 4 in Axes
  2061 | D:2      | Found a hazy altar of Hepliaklqana.
  2109 | D:2      | Gained mutation: You regenerate a little health from kills. [demonic ancestry]
  2109 | D:2      | Reached XP level 4. HP: 23/35 MP: 4/4
  2838 | D:3      | Reached skill level 5 in Axes
  2872 | D:3      | Noticed Natasha
  2893 | D:3      | Killed Natasha
  2893 | D:3      | Reached XP level 5. HP: 26/41 MP: 5/5
  2959 | D:3      | Noticed Natasha
  2965 | D:3      | Killed Natasha
  2983 | D:3      | Noticed Natasha
  2992 | D:3      | Killed Natasha
  3331 | D:3      | Reached skill level 6 in Axes
  3445 | D:3      | Found an iron altar of Okawaru.
  3460 | D:3      | Gained mutation: You have large cloven feet. [demonic ancestry]
  3460 | D:3      | Reached XP level 6. HP: 42/47 MP: 6/6
  3466 | D:3      | Became a worshipper of Warmaster Okawaru
  3466 | D:3      | Reached * piety under Okawaru
  3466 | D:3      | Reached ** piety under Okawaru
  3718 | D:3      | Found a white marble altar of Elyvilon.
  4083 | D:3      | Found a shadowy altar of Dithmenos.
  4175 | D:4      | Noticed Robin
  4179 | D:4      | Killed Robin
  4183 | D:4      | Reached skill level 7 in Axes
  4390 | D:4      | Found a basalt altar of Yredelemnul.
  4412 | D:4      | Noticed Dowan
  4414 | D:4      | Noticed Duvessa
  4443 | D:4      | Killed Dowan
  4446 | D:4      | HP: 1/47 [Duvessa/short sword (8)]
  4447 | D:4      | Mangled by Duvessa

Vault maps used:
D:1:      dpeg_arrival_orchard
D:2:      kennysheep_big_flooded_room, lemuel_crystal_altar, first_bread,
          kennysheep_decorative_pillar
D:3:      grunt_dithmenos_smoke_and_mirrors, marbit_many_paths,
          okawaru_altar_gauntlet_db, minmay_checkerbox, uniq_natasha
D:4:      lemuel_zombie_altar_yredelemnul, minmay_temple_entry_butterflies,
          serial_glass, glass_columns_a, glass_columns_a, uniq_edmund,
          uniq_robin, uniq_duvessa

Skill      XL: |  1  2  3  4  5  6 |
---------------+-------------------+-----
Axes           | 3 4 5 6 7 |  7.2
Fighting       | |  3.0
Dodging        | |  2.6
Stealth        | |  1.7

Action                   |  1- 3 |  4- 6 || total
-------------------------+-------+-------++-------
Melee: Hand axe          |   161 |    95 ||   256
       War axe           |       |   156 ||   156
       Kick              |       |    29 ||    29
Invok: Heroism           |       |     2 ||     2
  Use: Potion            |     5 |     3 ||     8
       Scroll            |       |     3 ||     3
 Stab: Sleeping          |     2 |     5 ||     7
  Eat: Chunk             |     4 |     8 ||    12
       Fruit             |       |     5 ||     5
Armor: Robe              |    23 |    39 ||    62
Dodge: Dodged            |   126 |   201 ||   327
Block: Other             |    21 |    45 ||    66
